 Dungeon Crawl Stone Soup version 0.22.1-6-g1668fe2 (webtiles) character file.

64 Harpaggios the Ruffian (level 4, 0/44 HPs)
             Began as an Ogre Transmuter on Jan 20, 2019.
             Slain by a gnoll
             ... wielding a +0 spear
              (7 damage)
             ... on level 2 of the Dungeon.
             The game lasted 00:05:26 (1481 turns).

Harpaggios the Ruffian (Ogre Transmuter)            Turns: 1481, Time: 00:05:27

Health: 0/44       AC:  3    Str: 14    XL:     4   Next: 12%
Magic:  1/7        EV: 10    Int: 15    God:
Gold:   49         SH:  0    Dex:  9    Spells: 4/7 levels left

rFire    . . .     SeeInvis .     - Unarmed
rCold    . . .     Gourm    .   (no shield)
rNeg     . . .     Faith    .   b - +0 robe
rPois    .         Spirit   .   (helmet restricted)
rElec    .         Reflect  .   (no cloak)
rCorr    .         Harm     .   (gloves unavailable)
MR       .....                  (boots unavailable)
Stlth    +.........             (no amulet)
HPRegen  0.14/turn              (no ring)
MPRegen  0.10/turn              (no ring)

@: no status effects
A: large, unfitting armour, tough skin 1
a: no special abilities


You were on level 2 of the Dungeon.
You were very hungry.

You visited 1 branch of the dungeon, and saw 2 of its levels.

You collected 49 gold pieces.

Inventory:

Missiles
 a - 9 arrows
Armour
 b - a +0 robe (worn)
Jewellery
 i - an uncursed amulet of magic regeneration {unknown}
Scrolls
 c - a scroll of blinking {unknown}
 e - a scroll of enchant armour {unknown}
 j - a scroll of identify {unknown}
 k - a scroll of enchant weapon {unknown}
 l - a scroll of magic mapping {unknown}
Potions
 f - a potion of magic {unknown}
 g - 2 potions of cancellation {unknown}
 h - a potion of degeneration {unknown}
 m - a potion of heal wounds {unknown}
Comestibles
 d - 4 rations


   Skills:
 + Level 2.6 Fighting
 - Level 1.7 Dodging
 + Level 3.2 Unarmed Combat
 - Level 2.4 Spellcasting
 * Level 3.0 Transmutations


You had 4 spell levels left.
You knew the following spells:

 Your Spells              Type           Power        Failure   Level  Hunger
a - Beastly Appendage     Tmut           ##....       6%          1    #......
b - Sticks to Snakes      Tmut           ##......     9%          2    ###....

Your spell library contained the following spells:

 Spells                   Type           Power        Failure   Level  Hunger
 Spider Form              Tmut/Pois      #.........   34%         3    ###....
 Ice Form                 Ice/Tmut       #.......     75%         4    #####..
 Blade Hands              Tmut           ##........   86%         5    ######.


Dungeon Overview and Level Annotations

Branches:
Dungeon (2/15)

Altars:
Dithmenos


Innate Abilities, Weirdness & Mutations

You are too large for most types of armour.
You have tough skin. (AC +1)


Message History

The jackal bites you.
* * * LOW HITPOINT WARNING * * *
You closely miss the jackal.
The jackal is heavily wounded.
The jackal bites you.
* * * LOW HITPOINT WARNING * * *
The jackal closely misses you.
You barely miss the jackal.
The jackal is heavily wounded.
The jackal closely misses you.
You barely miss the jackal.
The jackal is heavily wounded.
The jackal barely misses you.
You hit the jackal.
You kill the jackal!
You hit the rat.
You kill the rat!
The gnoll closely misses you.
The gnoll hits you from afar with a spear!
You die...

#...####†##.....#.##.###..##
.. #g#######...#.##..<#
#.........#........#
#.g######..........# #.g#
##....###### #..# #....#
#$.# ##...# #.g###### #...#
#.gg@...# #...#
......#####.# #...#
..#########.###...#######
...................
#.###........#######
..................##
..##...####.####.## ###.##
#.#...... #...###.#.##.##


You could see 3 gnolls.

Vanquished Creatures
  A gnoll (D:2)
  An adder (D:2)
  4 dart slugs (D:1)
  4 bats (D:1)
  3 giant cockroaches
  4 goblins
  3 hobgoblins
  4 jackals (D:2)
  2 ball pythons
  5 kobolds (D:1)
  6 rats
37 creatures vanquished.

Notes
Turn   | Place    | Note
-------+----------+-------------------------------------------
     0 | D:1      | Harpaggios the Ogre Transmuter began the quest for the Orb.
     0 | D:1      | Reached XP level 1. HP: 19/19 MP: 3/3
   106 | D:1      | Reached XP level 2. HP: 26/28 MP: 5/5
   586 | D:1      | Reached XP level 3. HP: 35/35 MP: 6/6
   590 | D:1      | Learned a level 2 spell: Sticks to Snakes
  1328 | D:2      | Found a shadowy altar of Dithmenos.
  1463 | D:2      | Reached XP level 4. HP: 21/44 MP: 2/7
  1481 | D:2      | Slain by a gnoll

Skill      XL: |  1  2  3 |
---------------+----------+-----
Transmutations | 2 3 |  3.0
Fighting       | 2 |  2.6
Unarmed Combat | 3 |  3.2
Dodging        | |  1.7
Spellcasting   | |  2.4

Action                   |  1- 3 |  4- 6 || total
-------------------------+-------+-------++-------
Melee: Unarmed           |   122 |     6 ||   128
       Punch             |     2 |       ||     2
       Kick              |     3 |       ||     3
 Cast: Sticks to Snakes  |     2 |     1 ||     3
       Beastly Appendage |     2 |       ||     2
 Stab: Sleeping          |     1 |       ||     1
  Eat: Chunk             |     1 |       ||     1
Armor: Robe              |    33 |     1 ||    34
Dodge: Dodged            |    55 |     6 ||    61
